 Dungeon Crawl Stone Soup version 0.29-a0-338-g1ff7896281 (webtiles) character file.

Game seed: 10426886913538143440

101 Dauddaud the Chopper (level 4, -4/39 HPs)
             Began as a Minotaur Berserker on Apr 19, 2022.
             Was a Believer of Trog.
             Slain by Sigmund
             ... wielding a +0 scythe
              (10 damage)
             ... on level 3 of the Dungeon.
             The game lasted 00:03:11 (2140 turns).

Dauddaud the Chopper (Minotaur Berserker)           Turns: 2140, Time: 00:03:11

Health: -4/39      AC:  8    Str: 23    XL:     4   Next: 48%
Magic:  3/3        EV:  8    Int:  4    God:    Trog [**....]
Gold:   69         SH:  0    Dex: 10    Spells: 3/3 levels left

rFire   . . .      SeeInvis .   a - +0 hand axe
rCold   . . .      Faith    .   (no shield)
rNeg    . . .      Spirit   .   m - +0 chain mail
rPois   .          Reflect  .   (helmet restricted)
rElec   .          Harm     .   (no cloak)
rCorr   .          Rampage  .   (no gloves)
Will    .....                   (no boots)
Stlth   ..........              (no amulet)
HPRegen 0.13/turn               (no ring)
MPRegen 0.08/turn               (no ring)

@: confused, on berserk cooldown, slowed, very slow
A: horns 2, retaliatory headbutt
a: Renounce Religion, Berserk, Trog's Hand


You were on level 3 of the Dungeon.
You worshipped Trog.
Trog was pleased with you.
You visited 1 branch of the dungeon, and saw 3 of its levels.

You collected 69 gold pieces.

Inventory:

Hand Weapons
 a - a +0 hand axe (weapon)
Armour
 b - a +0 animal skin
 l - a +0 scale mail
 m - a +0 chain mail (worn)
Scrolls
 c - 3 scrolls of teleportation {unknown}
 d - 2 scrolls of identify {unknown}
 f - a scroll of noise {unknown}
 h - a scroll of enchant weapon {unknown}
Potions
 e - 2 potions of curing {unknown}
 g - a potion of mutation {unknown}
 i - a potion of might {unknown}
 j - a potion of heal wounds {unknown}
 k - a potion of brilliance {unknown}


   Skills:
 - Level 3.6 Fighting
 + Level 6.4 Axes
 - Level 2.4 Armour
 - Level 2.1 Dodging


You had 3 spell levels left.
You didn't know any spells.
Your spell library was empty.

Dungeon Overview and Level Annotations

Branches:
Dungeon (3/15)

Altars:

Annotations:
D:3 Sigmund


Innate Abilities, Weirdness & Mutations

You have a pair of horns on your head.
You reflexively headbutt those who attack you in melee.


Message History

You feel less confused. Something hits you. The kobold barely misses you.
A red film seems to cover your vision as you go berserk!
You feel yourself moving faster!
You feel mighty! The kobold closely misses you.
You hear some strange, mumbled words.
You are confused.
You slash something! You slash the kobold!
You kill the kobold!
Trog accepts your kill.
You hear some strange, mumbled words.
You are more confused.
There is a stone staircase leading up here.
You feel a strong urge to attack something.
You bump into the rock wall.
You feel your anger nearly subside.
You bump into the rock wall.
You are no longer berserk.
You are exhausted.
You feel yourself slow down. Something hits you.
Something hits you but does no damage.
You bump into the rock wall.
You hear some strange, mumbled words.
You are more confused.
You bump into the rock wall.
Something hits you.
You barely miss something. Something hits you but does no damage.
You completely miss something.
You hear some strange, mumbled words.
A magic dart appears from out of thin air!
The magic dart hits you! Something hits you.
* * * LOW HITPOINT WARNING * * *
You're too confused to move!
Something hits you but does no damage.
You hear some strange, mumbled words.
You are more confused.
Something hits you.
* * * LOW HITPOINT WARNING * * *
Okay, then.
You bump into the rock wall.
Something hits you!
You die...

.#. #.. # #.#
?# ... ##.#
##.###.$.#
..##....
#.##..#
#@##..####
#..{.....#
####†.##.#
##).# .##
#####...#...##
#...........).
#.###>..#.).##
##..##### #..#


There were no monsters in sight!

Vanquished Creatures
  Jessica (D:2)
  An orc wizard (D:2)
  3 dart slugs (D:2)
  2 orcs (D:2)
  6 ball pythons
  2 endoplasms (D:1)
  3 giant cockroaches
  2 goblins
  2 hobgoblins
  A jackal (D:3)
  5 quokkas
  5 bats
  6 kobolds
  A rat (D:1)
40 creatures vanquished.

Notes
Turn   | Place    | Note
-------+----------+-------------------------------------------
     0 | D:1      | Dauddaud the Minotaur Berserker began the quest for the
                  | Orb.
     0 | D:1      | Reached XP level 1. HP: 19/19 MP: 0/0
    34 | D:1      | Found a faded altar of an unknown god.
   212 | D:1      | Reached skill level 4 in Axes
   333 | D:1      | Reached XP level 2. HP: 20/26 MP: 1/1
   959 | D:1      | Reached ** piety under Trog
   960 | D:1      | Reached skill level 5 in Axes
  1096 | D:2      | Reached XP level 3. HP: 27/31 MP: 2/2
  1535 | D:2      | Reached skill level 6 in Axes
  1535 | D:2      | Reached XP level 4. HP: 35/39 MP: 3/3
  1640 | D:2      | Noticed Jessica
  1644 | D:2      | Killed Jessica
  1954 | D:3      | Noticed Sigmund
  2140 | D:3      | Slain by Sigmund

Illustrated notes

Levels and vault maps discovered:
D:1:      nicolae_arrival_memento_mori, layout_loops_ring,
          hellmonk_ecumenical_altar_crossroads, minmay_misc_feat_more_columns
D:2:      layout_loops_ring, uniq_jessica
D:3:      layout_loops_ring, serial_shops, nicolae_shop_crystal,
          amcnicky_mini_rare_corridor_liquid, uniq_sigmund

Skill      XL: |  1  2  3 |
---------------+----------+-----
Axes           | 4 5 6 |  6.4
Fighting       | |  3.6
Armour         | |  2.4
Dodging        | |  2.1

Action                   |  1- 3 |  4- 6 || total
-------------------------+-------+-------++-------
Melee: Hand axe          |    75 |    20 ||    95
       Headbutt          |    10 |     1 ||    11
       Punch             |     1 |       ||     1
Invok: Berserk           |       |     1 ||     1
 Stab: Sleeping          |     1 |       ||     1
Armor: Animal skin       |    14 |       ||    14
       Scale mail        |     6 |     6 ||    12
       Chain mail        |       |    15 ||    15
Dodge: Dodged            |    42 |    15 ||    57

Table legend: (Time is in decaauts)
 A = Elapsed time spent in this place.
 B = Non-inter-level travel time spent in this place.
 C = Inter-level travel time spent in this place.
 D = Time resting spent in this place.
 E = Time spent auto-exploring this place.
 F = Levels seen in this place.
 G = Mean time per level.
                   A        B        C        D        E       F      G
               +--------+--------+--------+--------+--------+-----+--------+
         Total |   2147 |   2098 |     49 |    277 |   1519 |   3 |  715.7 |
       Dungeon |   2147 |   2098 |     49 |    277 |   1519 |   3 |  715.7 |
               +--------+--------+--------+--------+--------+-----+--------+

Top non-repeatable levels by time:
     D:1: 1051 daAuts
     D:2: 1050 daAuts
     D:3: 45 daAuts
